 Dungeon Sprint DCSS version 0.26-a0-652-gafc20e3620 (webtiles) character file.

Game seed: 13486173875061957909

175 sahdkjhfkaj the Reanimator (level 5, -3/21 HPs)
             Began as a Felid Necromancer on Oct 3, 2020.
             Was an Initiate of Gozag.
             Slain by a deep troll (8 damage)
             ... in the Dungeon (Sprint VII: "The Pits").
             The game lasted 00:02:45 (1932 turns).

sahdkjhfkaj the Reanimator (Felid Necromancer)      Turns: 1932, Time: 00:02:46

Health: -3/21      AC:  2    Str:  4    XL:     5   Next: 29%
Magic:  11/17      EV: 18    Int: 18    God:    Gozag
Gold:   1143       SH:  0    Dex: 17    Spells: 12/21 levels left
                                        Lives:  0   Deaths: 1

rFire    . . .     SeeInvis +   (weapon unavailable)
rCold    . . .     Faith    .   (shield unavailable)
rNeg     . . .     Spirit   .   (armour unavailable)
rPois    .         Reflect  .   (helmet unavailable)
rElec    .         Harm     .   (cloak unavailable)
rCorr    .         Rampage  .   (gloves unavailable)
MR       .....     NoTele   +   (boots unavailable)
Stlth    +++.......             (no amulet)
HPRegen  0.07/turn              (no ring)
MPRegen  0.15/turn              (no ring)

@: quick
A: very small, no armour, no weapons or thrown items, stealth, claws 1, fangs 3,
see invisible, speed 1, shaggy fur 2, sharp paws
a: Potion Petition, Call Merchant, Bribe Branch, Renounce Religion


You were in the Dungeon.
You worshipped Gozag.
Gozag was most pleased with you.
You visited 1 branch You collected 1143 gold pieces.

Inventory:

Wands
 l - a wand of random effects (12)
Scrolls
 g - a scroll of blinking
 h - 3 scrolls of remove curse
 i - 5 scrolls of amnesia
 j - a scroll of summoning
 k - 2 scrolls of vulnerability
Potions
 a - 2 potions of invisibility
 b - 6 potions of curing
 c - 3 potions of heal wounds
 d - a potion of haste
 e - 4 potions of magic
 f - 2 potions of berserk rage


   Skills:
 - Level 2.6 Dodging
 - Level 2.6 Stealth
 * Level 8.7 Spellcasting
 + Level 10.5 Necromancy


You had 12 spell levels left.
You knew the following spells:

 Your Spells              Type           Power        Failure   Level
a - Pain                  Necr           ####         1%          1
b - Vampiric Draining     Necr           #####.....   1%          3
c - Agony                 Necr           #####...     3%          5

Your spell library contained the following spells:

 Spells                   Type           Power        Failure   Level
 Animate Skeleton         Necr           #####.       1%          1
 Animate Dead             Necr           #####.....   1%          4


Dungeon Overview and Level Annotations

Branches:
Dungeon (1/1)

Altars:
Ashenzari
Cheibriados
Dithmenos
Elyvilon
Fedhas
Gozag
Hepliaklqana
Kikubaaqudgha
Makhleb
Nemelex Xobeh
Okawaru
Qazlal
Ru
Sif Muna
Trog
Uskayaw
Vehumet
Wu Jian
Xom
Yredelemnul
Zin
The Shining One
Beogh
Jiyva
Lugonu


Innate Abilities, Weirdness & Mutations

You cannot wear armour.
You are incapable of wielding weapons or throwing items.
Your paws allow you to move quietly. (Stealth)
You have sharp claws.
You have razor-sharp teeth.
You have supernaturally acute eyesight. (SInv)
You cover ground quickly.
You are covered in thick fur. (AC +2)
Your sharp claws are effective at attacking unaware monsters.


Message History

The deep troll is moderately wounded.
The deep troll barely misses you. The deep troll closely misses you.
The deep troll claws you!!
Ouch! That really hurt!
* * * LOW HITPOINT WARNING * * *
You feel much better. The deep troll completely misses you.
The deep troll misses you. The deep troll claws you!
Casting: Vampiric Draining (safe; 1% risk of failure)
Confirm with . or Enter, or press ? or * to list all spells.
Aiming: Vampiric Draining (safe; 1% risk of failure)
Press: ? - help, Shift-Dir - straight line, f/p - deep troll
Aim: a deep troll (moderately wounded)
The deep troll is heavily wounded.
You feel life coursing into your body! The deep troll bites you.
The deep troll claws you!
Ouch! That really hurt!
* * * LOW HITPOINT WARNING * * *
The deep troll claws you!
You die...
Your body crumbles into a pile of gold.

#..(.')))'.##.....
##########.##.....
#..........)'.....
#'#####'#####.....
#.#..#...'.##.....
#.#..#...#.#####'#
#.#..#####.##.....
#)#..'..)#)##.....
#@#..'..))[##.....
#T#..########...<.
#.#..'[))).##.....
#$#..#[))).##.....
#'###########.....
#(......# ######
#(..#...#
#...#...#
#.##.##.#+#


You could see a deep troll.

Vanquished Creatures
  Edmund (D)
  An ice beast (D)
  A centaur (D)
  An orc wizard (D)
  A river rat (D)
  6 orcs (D)
  A ball python (D)
  A bat (D)
  A giant cockroach (D)
  2 hobgoblins (D)
  A quokka (D)
  2 frilled lizards (D)
19 creatures vanquished.

Notes
Turn   | Place    | Note
-------+----------+-------------------------------------------
     0 | D        | sahdkjhfkaj the Felid Necromancer began the quest for the
                  | Orb.
     0 | D        | Reached XP level 1. HP: 7/7 MP: 4/4
   157 | D        | Found a bloodstained altar of Trog.
   157 | D        | Found a shimmering blue altar of Sif Muna.
   157 | D        | Found a viscous altar of Jiyva.
   157 | D        | Found a hazy altar of Hepliaklqana.
   157 | D        | Found an opulent altar of Gozag.
   158 | D        | Found a glowing golden altar of the Shining One.
   158 | D        | Found a glowing silver altar of Zin.
   158 | D        | Found a basalt altar of Yredelemnul.
   158 | D        | Found a shimmering altar of Xom.
   158 | D        | Found an ornate altar of the Wu Jian Council.
   158 | D        | Found a sacrificial altar of Ru.
   158 | D        | Found a stormy altar of Qazlal.
   158 | D        | Found an iron altar of Okawaru.
   158 | D        | Found a sparkling altar of Nemelex Xobeh.
   158 | D        | Found a burning altar of Makhleb.
   158 | D        | Found a blossoming altar of Fedhas.
   158 | D        | Found a white marble altar of Elyvilon.
   158 | D        | Found a shadowy altar of Dithmenos.
   158 | D        | Found a snail-covered altar of Cheibriados.
   160 | D        | Found a corrupted altar of Lugonu.
   160 | D        | Found a radiant altar of Vehumet.
   160 | D        | Found a roughly hewn altar of Beogh.
   161 | D        | Found an ancient bone altar of Kikubaaqudgha.
   161 | D        | Found a hide-covered altar of Uskayaw.
   161 | D        | Found a broken altar of Ashenzari.
   175 | D        | Became a worshipper of Gozag Ym Sagoz the Greedy
   220 | D        | Reached skill level 5 in Necromancy
   679 | D        | Reached skill level 6 in Necromancy
   679 | D        | Reached XP level 2. HP: 6/11 MP: 0/6
   886 | D        | Reached skill level 8 in Necromancy
   886 | D        | Reached XP level 3. HP: 8/14 MP: 1/7
  1221 | D        | Learned a level 3 spell: Vampiric Draining
  1267 | D        | Noticed a centaur
  1269 | D        | Noticed an ice beast
  1303 | D        | Killed a centaur
  1303 | D        | Reached skill level 5 in Spellcasting
  1303 | D        | Reached skill level 9 in Necromancy
  1303 | D        | Reached XP level 4. HP: 6/18 MP: 0/12
  1597 | D        | Killed an ice beast
  1597 | D        | Reached XP level 5. HP: 18/21 MP: 0/15
  1707 | D        | Noticed Edmund
  1712 | D        | Killed Edmund
  1712 | D        | Reached skill level 10 in Necromancy
  1712 | D        | Gained mutation: You are covered in thick fur. (AC +2)
                  | [Felid growth]
  1712 | D        | Reached XP level 6. HP: 24/24 MP: 3/18
  1909 | D        | Learned a level 5 spell: Agony
  1911 | D        | Noticed a deep troll
  1925 | D        | Slain by a deep troll
  1926 | D        | Reached XP level 5. HP: -1/21 MP: 15/17
  1932 | D        | Slain by a deep troll

Illustrated notes

Levels and vault maps discovered:
D:        pitsprint [storerooms_1, entrance_room_1, metal_vault_8, armoury_2,
          mini_pit_1, grid_room_1, main_hall_1, silver_pit, the_coven_3,
          the_vestibule_1, steel_vault_2, golden_pit, hallway_of_sentries,
          crystal_vault_6, iron_vault_1, final_vault]

Skill      XL: |  1  2  3  4  5 |
---------------+----------------+-----
Necromancy     | 6 8 9 10 | 10.5
Spellcasting   | 5 7 8 |  8.7
Dodging        | |  2.6
Stealth        | |  2.6

Action                   |  1- 3 |  4- 6 || total
-------------------------+-------+-------++-------
Melee: Unarmed           |    22 |       ||    22
       Bite              |     1 |       ||     1
 Cast: Pain              |    23 |     4 ||    27
       Vampiric Draining |     2 |    11 ||    13
  Use: Potion            |     3 |     1 ||     4
Armor: Skin              |     1 |       ||     1
Dodge: Dodged            |    41 |    14 ||    55

Table legend: (Time is in decaauts)
 A = Elapsed time spent in this place.
 B = Non-inter-level travel time spent in this place.
 C = Inter-level travel time spent in this place.
 D = Time resting spent in this place.
 E = Time spent auto-exploring this place.
 F = Levels seen in this place.
 G = Mean time per level.
                   A        B        C        D        E       F      G
               +--------+--------+--------+--------+--------+-----+--------+
         Total |   1895 |   1876 |     19 |   1558 |      0 |   1 | 1895.0 |
       Dungeon |   1895 |   1876 |     19 |   1558 |      0 |   1 | 1895.0 |
               +--------+--------+--------+--------+--------+-----+--------+

Top non-repeatable levels by time:
       D: 1895 daAuts
